AoeStats
← [KD] Penny13_VO

Arabia

506359019Analyzed
1v1 RM · 17d ago on Sep 13, 2026· 46m 47s· 2 players
Game mode
Random Map
Map size
Tiny (2 player)
Population
200
Speed
Normal
Resources
Standard
Victory
Conquest
Starting age
Dark Age
Ending age
Imperial Age
RankedLock teamsTeams togetherTeam positionsShared explorationLock speedFull tech treeHidden civsTurbo modeCheats
Victory
Defeat
🇹🇼 Khitans · Taiwan
1857
+15
🇳🇱 Aztecs · Netherlands
1837
-15
[KD] Penny13_VO
6:13 Loom
8:51 Feudal Age
9:48 Double-Bit Axe
10:55 Horse Collar
19:13 Castle Age
18:08 Gold Mining
19:25 Fletching
19:18 Crossbowman
20:07 Bodkin Arrow
20:49 Bow Saw
21:21 Eagle Warrior
22:20 Town Watch
23:37 Scale Mail Armor
25:04 Padded Archer Armor
27:49 Ballistics
28:43 Squires
29:00 Leather Archer Armor
29:03 Chain Mail Armor
29:43 Heavy Plow
31:16 Forging
32:18 Gold Shaft Mining
38:34 Wheelbarrow
42:50 Imperial Age
39:56 Elite Skirmisher
42:29 Hand Cart
43:33 Bracer
45:53 Chemistry
Wuyen
6:06 Loom
8:42 Feudal Age
9:36 Double-Bit Axe
15:00 Wheelbarrow
16:34 Domestication
20:26 Castle Age
18:17 Gold Mining
18:28 Fletching
20:07 Padded Archer Armor
20:28 Heavy Cavalry Archer
20:46 Elite Skirmisher
23:29 Bodkin Arrow
28:24 Leather Archer Armor
28:07 Town Watch
29:20 Ballistics
30:44 Thumb Ring
32:43 Pastoralism
38:40 Hand Cart
43:54 Imperial Age
46:46 Chemistry
45:40 Capped Ram
46:33 Bracer
47:04 Ring Archer Armor
47:18 Conscription
47:24 Bow Saw
Connection lost

Rejoining the realm…

Still unreachable

The connection could not be restored.

Session expired

The server has moved on; the page needs a fresh start.